 Dungeon Crawl Stone Soup version 0.31-a0-236-g9a0961fb85 (webtiles) character file.

Game seed: 4517039511078245843

2334 qw the Skirmisher (level 9, -6/79 HPs)
             Began as a Minotaur Hexslinger on July 9, 2023.
             Was a Follower of Okawaru.
             Mangled by a lemure (8 damage)
             ... led by Pikel
             ... on level 8 of the Dungeon.
             The game lasted 00:02:40 (6876 turns).

qw the Skirmisher (Minotaur Hexslinger)             Turns: 6876, Time: 00:02:40

Health: -6/79      AC:  7    Str: 13    XL:     9   Next: 19%
Magic:  10/11      EV: 12    Int: 10    God:    Okawaru [*.....]
Gold:   343        SH:  0    Dex: 17    Spells: 9/10 levels left

rFire   . . .        g - +1 arbalest
rCold   . . .        (shield currently unavailable)
rNeg    . . .        e - +0 ring mail
rPois   .            (helmet restricted)
rElec   .            i - +0 cloak
rCorr   .            (no gloves)
SInv    +            d - +0 pair of boots
Will    .....        (no amulet)
Stlth   +            c - ring of see invisible
HPRegen 0.33/turn    (no ring)
MPRegen 0.12/turn

%: no passive effects
@: no status effects
A: horns 2, retaliatory headbutt
a: Renounce Religion, Heroism


You were on level 8 of the Dungeon.
You worshipped Okawaru.
Okawaru was aware of your devotion.
You visited 2 branches of the dungeon, and saw 9 of its levels.
You also visited: Ossuary.

You collected 343 gold pieces.


Innate Abilities, Weirdness & Mutations

You have a pair of horns on your head.
You reflexively headbutt those who attack you in melee.


   Skills:
 - Level 7.0 Fighting
 - Level 10.2 Ranged Weapons
 + Level 2.1 Armour
 - Level 4.0 Dodging
 - Level 1.0 Spellcasting
 - Level 2.0 Hexes
 - Level 4.3 Invocations


You had 9 spell levels left.
You knew the following spells:

 Your Spells              Type           Power      Damage    Failure   Level
a - Slow                  Hex            16%        N/A       32%         1

Your spell library contained the following spells:

 Spells                   Type           Power      Damage    Failure   Level
 Inner Flame              Hex/Fire       2%         N/A       82%         3
 Portal Projectile        Hex/Tloc       4%         N/A       82%         3
 Cause Fear               Hex            2%         N/A       97%         4

Inventory:

Hand Weapons
 g - a +1 arbalest (weapon)
Armour
 d - a +0 pair of boots (worn)
 e - a +0 ring mail (worn)
 i - a +0 cloak (worn)
Jewellery
 c - a ring of see invisible (left hand)
 n - a ring of fire
Scrolls
 b - a scroll of identify
Potions
 a - a potion of enlightenment
 f - a potion of heal wounds
 h - 4 potions of curing
 j - 2 potions of might
 k - a potion of haste {unknown}

Dungeon Overview and Level Annotations

Branches:
Dungeon (8/15)             Temple (1/1) D:5         Ossuary (visited)
   Lair: D:8-11

Altars:
Ashenzari
Cheibriados
Dithmenos
Elyvilon
Fedhas
Gozag
Hepliaklqana
Kikubaaqudgha
Makhleb
Nemelex Xobeh
Okawaru
Qazlal
Ru
Sif Muna
Trog
Uskayaw
Vehumet
Wu Jian
Xom
Yredelemnul
Zin
The Shining One

Shops:
D:3 [((   D:7 :

Annotations:
D:8 Pikel


Message History

The lemure is moderately wounded.
A bullfrog comes into view.
The bullfrog moves out of view.
You shoot a bolt. The bolt closely misses the lemure.
A lemure comes into view.
You shoot a bolt. The bolt hits the lemure!
The lemure is severely wounded.
The lemure completely misses you. You furiously retaliate!
You headbutt the lemure!
You kill the lemure!
That felt strangely unrewarding.
You shoot a bolt.
The bolt hits the lemure but does no damage.
The lemure is almost dead.
The lemure hits you.
Pikel hits you with a +1 whip of electrocution.
You shoot a bolt. The bolt closely misses the lemure.
The lemure hits you.
Pikel hits you with a +1 whip of electrocution.
You are electrocuted!!
You shoot a bolt. The bolt hits the lemure!
You kill the lemure!
That felt strangely unrewarding.
Pikel says, "Hell isn't that bad."
Pikel misses you.
You shoot a bolt. The bolt hits Pikel.
Pikel is lightly wounded.
The lemure misses you. Pikel closely misses you. You furiously retaliate!
You headbutt Pikel! You shoot a bolt. The bolt barely misses Pikel.
You feel like a meek peon again. The lemure hits you. The lemure hits you!
Pikel hits you with a +1 whip of electrocution.
You are electrocuted!
Pikel says, "You'll feel the lick of my whip!"
Pikel hits you with a +1 whip of electrocution.
The lemure hits you. The lemure closely misses you.
6876 ||| STAIRDANCE The lemure closely misses you.
The lemure hits you!
You die...

.# ?.) #
##.######## ..
......... ...
#......# ....
#......#...(.
#$....5......
#....@KF..#
........5...#
###........##
#........#
..........#
............
...........#.
###......#####


You could see Pikel, 2 lemures and a bullfrog.

Vanquished Creatures
  Prince Ribbit (D:7)
  Grinder (D:6)
  Menkaure (D:7)
  A black bear (D:7)
  3 ice beasts
  A sky beast (D:6)
  2 ogres
  2 centaurs
  2 lemures (D:8)
  A kobold brigand (D:7)
  3 bullfrogs
  3 scorpions
  A killer bee (D:4)
  A howler monkey (D:7)
  2 hounds
  A sleepcap (D:7)
  An orc priest (D:7)
  A jelly (D:5)
  3 iguanas
  4 orc wizards
  9 adders
  A white imp (D:5)
  2 ufetubi
  A worm (D:3)
  2 dart slugs (D:2)
  9 orcs
  10 endoplasms
  6 giant cockroaches
  6 goblins
  4 hobgoblins
  3 jackals
  4 quokkas
  9 ball pythons
  6 bats
  2 frilled lizards (D:3)
  7 hobgoblin zombies (Ossuary)
  15 kobolds
  5 kobold zombies (Ossuary)
  8 orc zombies (Ossuary)
  5 rats
149 creatures vanquished.

Notes
Turn   | Place    | Note
-------+----------+-------------------------------------------
     0 | D:1      | qw the Minotaur Hexslinger began the quest for the Orb.
     0 | D:1      | Reached XP level 1. HP: 16/16 MP: 1/1
     0 | D:1      | 0 ||| qw: Version: 0.3-a-51-g015441d
     0 | D:1      | 0 ||| qw: Game counter: 4445
     0 | D:1      | 0 ||| qw: Melee chars always use a shield: true
     0 | D:1      | 0 ||| qw: God list: Okawaru
     0 | D:1      | 0 ||| qw: Allow faded altars: false
     0 | D:1      | 0 ||| qw: Do Orc after clearing Dungeon:15 true
     0 | D:1      | 0 ||| qw: Do second Lair branch before Depths: true
     0 | D:1      | 0 ||| qw: Lair rune preference: random
     0 | D:1      | 0 ||| qw: Goals: Normal
     0 | D:1      | 0 ||| PLANNING D:1-11
    97 | D:1      | You fall into a shaft and drop 1 floor!
   120 | D:2      | Reached skill level 3 in Ranged Weapons
   120 | D:2      | Reached XP level 2. HP: 9/23 MP: 2/2
   124 | D:2      | HP: 5/23 [poisoned by an adder]
   235 | D:2      | 235 ||| READING scroll labelled RUVVEA DIPOV.
   236 | D:2      | 236 ||| DROPPING scroll of poison.
   242 | D:2      | 242 ||| FLEEEEING.
   243 | D:2      | 243 ||| FLEEEEING.
   244 | D:2      | 244 ||| STAIRDANCE
   396 | D:1      | Reached XP level 3. HP: 29/29 MP: 3/3
   561 | D:1      | Reached skill level 4 in Ranged Weapons
   669 | D:1      | 669 ||| UPGRADING to +0 ring mail.
   729 | D:1      | 729 ||| DROPPING +0 robe.
  1349 | D:1      | 1349 ||| READING scroll labelled PODOH EGIMURR.
  1401 | D:1      | 1401 ||| READING scroll labelled XYT GUN YHAIV.
  1402 | D:1      | 1402 ||| READING scroll labelled SALUAW HAYBB.
  1439 | D:2      | Reached skill level 1 in Armour
  1512 | D:2      | Reached XP level 4. HP: 36/36 MP: 4/4
  1744 | D:2      | 1744 ||| UPGRADING to +0 pair of boots.
  1749 | D:2      | 1749 ||| DROPPING +6 ring of intelligence.
  1750 | D:2      | 1750 ||| READING scroll labelled ZULOZE LEAQOTY.
  1751 | D:2      | 1751 ||| READING scroll labelled XAAVENL IPTE.
  1752 | D:2      | 1752 ||| READING scroll labelled FAAWONW GUCI.
  1753 | D:2      | 1753 ||| READING scroll labelled NUHASM GYRISKYI.
  1754 | D:2      | 1754 ||| DRINKING 2 purple potions.
  1807 | D:3      | Found Teilom's Antique Armour Emporium.
  1946 | D:3      | Found a faded altar of an unknown god.
  1991 | D:3      | Found Mickuhun's Weapon Shop.
  1998 | D:3      | Found Tieplyfie's Antique Weapon Emporium.
  2001 | D:3      | 2001 ||| SHOPLISTING +8 orcbow of Noakoo {speed, Str+4}
                  | (922 gold, have 121).
  2006 | D:3      | 2006 ||| SHOPLISTING runed orcbow (201 gold, have 121).
  2146 | D:3      | 2146 ||| UPGRADING to ring of see invisible.
  2157 | D:3      | 2157 ||| READING 5 scrolls of identify.
  2157 | D:3      | 2157 ||| IDENTIFYING viscous green potion
  2168 | D:3      | 2168 ||| READING 4 scrolls of identify.
  2168 | D:3      | 2168 ||| IDENTIFYING amethyst potion
  2179 | D:3      | 2179 ||| READING 3 scrolls of identify.
  2179 | D:3      | 2179 ||| IDENTIFYING viscous coppery potion
  2190 | D:3      | 2190 ||| DROPPING potion of brilliance.
  2201 | D:3      | 2201 ||| DROPPING potion of magic.
  2292 | D:3      | Reached skill level 5 in Ranged Weapons
  2295 | D:3      | Reached XP level 5. HP: 24/42 MP: 5/5
  2566 | D:4      | Reached skill level 3 in Fighting
  2781 | D:4      | Found a glowing golden altar of the Shining One.
  2823 | D:4      | Reached skill level 6 in Ranged Weapons
  3167 | D:4      | Reached XP level 6. HP: 35/51 MP: 6/6
  3308 | D:4      | 3308 ||| READING scroll labelled BABUAT GUTUBO.
  3309 | D:4      | 3309 ||| READING 3 scrolls of identify.
  3309 | D:4      | 3309 ||| IDENTIFYING emerald potion
  3310 | D:4      | 3310 ||| READING 2 scrolls of identify.
  3310 | D:4      | 3310 ||| IDENTIFYING fizzy amethyst potion
  3311 | D:4      | 3311 ||| DROPPING potion of lignification.
  3370 | D:5      | Entered Level 5 of the Dungeon
  3496 | D:5      | Found a staircase to the Ecumenical Temple.
  3497 | D:5      | 3497 ||| PLANNING TEMPLE
  3497 | D:5      | 3497 ||| READING 2 scrolls of identify.
  3497 | D:5      | 3497 ||| IDENTIFYING inky potion
  3506 | Temple   | Entered the Ecumenical Temple
  3535 | Temple   | 3535 ||| PLANNING OKAWARU WORSHIP
  3592 | Temple   | Became a worshipper of Warmaster Okawaru
  3593 | Temple   | 3593 ||| PLANNING D:1-11
  3633 | D:5      | Noticed an ice beast
  3642 | D:5      | Killed an ice beast
  3742 | D:5      | Reached skill level 7 in Ranged Weapons
  3798 | D:5      | Reached XP level 7. HP: 32/59 MP: 7/7
  3934 | D:5      | Reached * piety under Okawaru
  4008 | D:5      | 4008 ||| INVOKING Heroism.
  4009 | D:5      | 4009 ||| INVOKING Heroism.
  4011 | D:5      | HP: 7/59 [centaur/arrow (12)]
  4012 | D:5      | 4012 ||| DRINKING 2 potions of heal wounds.
  4018 | D:5      | Reached skill level 8 in Ranged Weapons
  4174 | D:5      | 4174 ||| SWAPPING to +0 orcbow.
  4175 | D:5      | 4175 ||| DROPPING +1 heavy sling.
  4206 | D:5      | Reached skill level 1 in Invocations
  4619 | D:5      | 4619 ||| READING scroll labelled QAOMUNL NINWU.
  4620 | D:5      | 4620 ||| READING scroll labelled ICAUGH ATROLI.
  4621 | D:5      | 4621 ||| READING 2 scrolls of identify.
  4621 | D:5      | 4621 ||| IDENTIFYING smoky yellow potion
  4622 | D:5      | 4622 ||| DROPPING potion of degeneration.
  4629 | D:6      | 4629 ||| PLANNING OSSUARY
  4660 | D:6      | 4660 ||| INVOKING Heroism.
  4680 | D:6      | Noticed Grinder
  4681 | D:6      | 4681 ||| INVOKING Heroism.
  4686 | D:6      | Killed Grinder
  4687 | D:6      | Reached skill level 3 in Invocations
  4687 | D:6      | Reached XP level 8. HP: 57/68 MP: 5/9
  4753 | D:6      | 4753 ||| INVOKING Heroism.
  4963 | D:6      | Found a sand-covered staircase.
  5140 | D:6      | 5140 ||| READING scroll labelled DUHONAFRAH.
  5141 | D:6      | 5141 ||| READING scroll labelled VUSALA HESOESTRES.
  5157 | Ossuary  | Entered an ossuary
  5224 | Ossuary  | Reached skill level 9 in Ranged Weapons
  5269 | D:6      | 5269 ||| PLANNING D:1-11
  5324 | D:6      | 5324 ||| FLEEEEING.
  5325 | D:6      | 5325 ||| FLEEEEING.
  5326 | D:6      | 5326 ||| FLEEEEING.
  5327 | D:6      | 5327 ||| FLEEEEING.
  5328 | D:6      | 5328 ||| FLEEEEING.
  5329 | D:6      | 5329 ||| FLEEEEING.
  5330 | D:6      | 5330 ||| FLEEEEING.
  5331 | D:6      | 5331 ||| FLEEEEING.
  5332 | D:6      | 5332 ||| FLEEEEING.
  5333 | D:6      | 5333 ||| FLEEEEING.
  5334 | D:6      | 5334 ||| FLEEEEING.
  5335 | D:6      | 5335 ||| FLEEEEING.
  5336 | D:6      | 5336 ||| FLEEEEING.
  5337 | D:6      | 5337 ||| STAIRDANCE
  5548 | D:6      | 5548 ||| READING scroll labelled XEAWNA UBIHU.
  5601 | D:7      | Noticed Prince Ribbit
  5602 | D:7      | 5602 ||| INVOKING Heroism.
  5619 | D:7      | Killed Prince Ribbit
  5620 | D:7      | Reached skill level 3 in Dodging
  5709 | D:7      | 5709 ||| INVOKING Heroism.
  5828 | D:7      | Reached skill level 6 in Fighting
  5866 | D:7      | 5866 ||| Stepping ~*~*~tactically~*~*~ (outnumbered).
  5869 | D:7      | 5869 ||| Stepping ~*~*~tactically~*~*~ (outnumbered).
  5879 | D:7      | 5879 ||| INVOKING Heroism.
  5986 | D:7      | Noticed Menkaure
  5987 | D:7      | 5987 ||| INVOKING Heroism.
  5998 | D:7      | Killed Menkaure
  6022 | D:7      | Found Xeusmail's Book Shop.
  6126 | D:7      | 6126 ||| SWAPPING to +0 arbalest.
  6128 | D:7      | 6128 ||| DROPPING +0 orcbow.
  6161 | D:7      | Reached skill level 10 in Ranged Weapons
  6161 | D:7      | Reached XP level 9. HP: 75/75 MP: 11/11
  6371 | D:7      | 6371 ||| READING scroll of enchant weapon.
  6371 | D:7      | 6371 ||| ENCHANTING +0 arbalest.
  6441 | D:7      | 6441 ||| INVOKING Heroism.
  6604 | D:7      | 6604 ||| INVOKING Heroism.
  6606 | D:7      | 6606 ||| DRINKING 5 potions of curing.
  6606 | D:7      | 6606 ||| (to cure confusion)
  6607 | D:7      | 6607 ||| Stepping ~*~*~tactically~*~*~ (outnumbered).
  6763 | D:7      | Found an opulent altar of Gozag.
  6763 | D:7      | Found a glowing silver altar of Zin.
  6764 | D:7      | Found a snail-covered altar of Cheibriados.
  6841 | D:7      | 6841 ||| UPGRADING to +0 cloak.
  6865 | D:8      | Noticed Pikel
  6866 | D:8      | 6866 ||| INVOKING Heroism.
  6875 | D:8      | HP: 12/79 [Pikel/+1 whip of electrocution (15)]
  6875 | D:8      | HP: 1/79 [lemure[Pikel] (6)]
  6876 | D:8      | 6876 ||| STAIRDANCE
  6876 | D:8      | Mangled by a lemure

Levels and vault maps discovered:
D:1:      dpeg_chamrin_arrival_tetris, layout_basic, serial_rivers,
          chequers_serial_rivers_small_3, chequers_serial_rivers_large_b,
          chequers_serial_rivers_large_a, chequers_serial_rivers_micro_e,
          chequers_serial_rivers_marsh, eino_curves_01, minivault_14,
          hangedman_glass_teeth, minmay_misc_feat_diagonals, dk_noncrumbling_3
D:2:      layout_rooms, kennysheep_generic_room_15
D:3:      layout_basic, serial_shops, shop, nicolae_shop_bloodbath_and_beyond,
          shop, hellmonk_ecumenical_altar_slurped_away,
          minmay_misc_feat_encased, lexackson_kobold_supper
D:4:      minmay_clustersquares, layout_basic, mainiacjoe_overflow_brackets
D:5:      layout_loops_cross, minmay_temple_entry_antechambers
D:6:      layout_rooms, nicolae_ossuary_entry_false_entrances,
          lightli_corner_chamber, uniq_grinder
D:7:      layout_basic, gammafunk_temple_overflow_forgotten, serial_shops,
          nicolae_shop_hallway_plus, uniq_menkaure, uniq_prince_ribbit1
D:8:      layout_rooms, minmay_lair_entry_grove, uniq_pikel
Temple:   dpeg_three_leaves_temple

Skill      XL: |  1  2  3  4  5  6  7  8  9 |
---------------+----------------------------+-----
Ranged Weapons | 3 4 5 6 7 8 10 | 10.2
Fighting       | 2 3 4 5 6 7 |  7.0
Armour         | 1 2 |  2.1
Invocations    | 3 4 |  4.3
Dodging        | 3 4 |  4.0
Spellcasting   | |  1.0
Hexes          | |  2.0

Action                     |  1- 3 |  4- 6 |  7- 9 || total
---------------------------+-------+-------+-------++-------
   Fire: Sling             |   120 |   136 |    17 ||   273
         Orcbow            |       |       |   185 ||   185
         Arbalest          |       |       |    41 ||    41
 Invoke: Heroism           |       |       |    11 ||    11
    Use: Scroll            |     4 |    11 |     7 ||    22
         Potion            |       |     1 |     2 ||     3
 Armour: Robe              |     2 |       |       ||     2
         Ring mail         |       |    46 |    37 ||    83
  Dodge: Dodged            |    26 |    53 |    82 ||   161

Table legend:
 A = Non-vault XP
 B = Vault XP
 C = Vault XP percentage of total XP
 D = Non-vault monster count
 E = Vault monster count
 F = Vault count percentage of total count
                 A         B        C        D         E       F
            +---------+---------+-------+---------+---------+-------
      Total |    2507 |     828 |  24.8 |     108 |      39 |  26.5
            +---------+---------+-------+---------+---------+-------
        D:1 |      49 |       0 |   0.0 |      29 |       0 |   0.0
        D:2 |      64 |       0 |   0.0 |      15 |       0 |   0.0
        D:3 |      78 |      12 |  13.3 |      14 |       9 |  39.1
        D:4 |     205 |      85 |  29.3 |      10 |       7 |  41.2
        D:5 |     653 |       0 |   0.0 |      13 |       0 |   0.0
        D:6 |     388 |     262 |  40.3 |       7 |       1 |  12.5
        D:7 |    1070 |     449 |  29.6 |      20 |       2 |   9.1
    Ossuary |       0 |      20 | 100.0 |       0 |      20 | 100.0
            +---------+---------+-------+---------+---------+-------
